Map: Terraform LE (Void)

Players

NoRegreT

  • Race: Zerg Zerg
  • League: Master

NightEnD - Winner!

  • Race: Protoss Protoss
  • League: Master

Event: ASL Season 5 Prime League LOTV Beta

VOD

Have the link to the VOD?

Description

Time

  • Played on: Sept. 29, 2015, 9:27 a.m.
  • Length: 8:14

All games in this series

Show
View Real Time Build Order
Export as new Build Order

NoRegreT Zerg 

Build Orders: Hatch First 

Get SALT Encoding   

  12  0:02  Drone  
  13  0:08  Drone  
  14  0:16  Drone, Extractor  
  14  0:19  Extractor  
  14  0:21  Drone  
  16  0:35  Overlord  
  16  0:54  Hatchery  
  16  0:55  Drone  
  16  1:03  Drone  
  17  1:11  Extractor  
  17  1:16  Drone  
  17  1:17  Spawning Pool  
  16  1:18  Drone  
  16  1:24  Drone  
  18  1:30  Drone  
  19  1:40  Drone  
  20  1:50  Evolution Chamber, Drone  
  20  2:02  Drone  
  20  2:06  Queen  
  20  2:07  Queen  
  20  2:08  Drone  
  26  2:13  Overlord  
  26  2:19  Zerg Melee Weapons Level 1  
  26  2:23  Drone  
  26  2:27  Drone  
  28  2:32  Drone  
  28  2:33  Drone  
  30  2:41  Overlord  
  30  2:46  Drone  
  30  2:49  Drone  
  32  2:55  Drone  
  33  3:00  Metabolic Boost  
  33  3:01  Queen  
  33  3:02  Zergling x2  
  33  3:05  Zergling x2  
  37  3:10  Zergling x2  
  38  3:17  Zergling x8  
  38  3:18  Zergling x4  
  44  3:21  Overlord  
  44  3:25  Roach Warren  
  43  3:27  Zergling x2  
  43  3:32  Overlord  
  44  3:41  Zergling x2  
  45  3:45  Zergling x6  
  45  3:47  Zergling x2  
  45  3:48  Zergling x2  
  50  3:49  Zergling x2  
  50  3:50  Zergling x2  
  50  3:51  Zergling x8  
  50  3:54  Zergling x2  
  57  4:01  Zergling x2  
  58  4:05  Zergling x2  
  59  4:19  Overlord  
  59  4:21  Overlord  
  59  4:32  Overlord  
  59  4:39  Roach x4  
  59  4:40  Roach x3  
  59  4:44  Roach  
  74  4:56  Roach x3  
  74  4:57  Roach  
  82  5:02  Overlord  
  82  5:05  Overlord  
  82  5:08  Overlord  
  82  5:09  Overlord  
  82  5:21  Roach x3  
  88  5:24  Zergling x4  
  90  5:32  Roach  
  85  5:44  Roach  
  85  5:46  Roach  
  85  5:47  Zergling x6  
  85  5:48  Zergling x4, Queen  
  85  5:49  Queen  
  99  5:50  Zergling x4  
  99  6:00  Zergling x2  
  99  6:01  Extractor  
  99  6:02  Extractor, Zergling x2  
  97  6:11  Zergling x4  
  97  6:17  Zergling x2  
  98  6:24  Zergling x2  
  99  6:29  Lair, Zergling x4  
  99  6:30  Zergling x4  
  99  6:31  Hatchery, Zergling x2  
  103  6:37  Roach  
  103  6:39  Zergling x2  
  105  6:53  Zergling x4  
  105  6:54  Zergling x2  
  101  6:56  Zergling x2  
  101  6:57  Zergling x12  
  98  7:05  Zergling x2  
  98  7:06  Zergling x2  
  91  7:19  Zergling x4  
  93  7:37  Zergling x12  
  92  7:42  Roach x4  
  104  7:45  Roach  
  104  7:46  Zergling x2  
Show
View Real Time Build Order
Export as new Build Order

NightEnD Protoss - Winner!

Build Orders: 1 Gate Expand 

Get SALT Encoding   

  12  0:00  Probe (Chrono Boost)  
  13  0:10  Probe (Chrono Boost)  
  14  0:17  Pylon  
  14  0:22  Probe (Chrono Boost)  
  15  0:35  Probe (Chrono Boost)  
  15  0:40  Gateway  
  16  0:45  Probe (Chrono Boost)  
  17  0:55  Probe (Chrono Boost)  
  18  1:05  Probe (Chrono Boost)  
  19  1:17  Nexus  
  19  1:20  Probe (Chrono Boost)  
  20  1:27  Pylon  
  20  1:30  Probe (Chrono Boost)  
  21  1:35  Assimilator  
  21  1:40  Assimilator  
  21  1:41  Probe (Chrono Boost)  
  22  1:51  Probe (Chrono Boost)  
  23  1:54  Cybernetics Core  
  23  2:01  Probe (Chrono Boost)  
  23  2:04  Zealot  
  26  2:11  Probe (Chrono Boost)  
  27  2:20  Probe (Chrono Boost), Pylon  
  28  2:30  Mothership Core (Chrono Boost)  
  28  2:33  Probe (Chrono Boost)  
  28  2:35  Adept  
  33  2:37  Warp Gate  
  33  2:43  Probe (Chrono Boost)  
  34  2:48  Probe (Chrono Boost)  
  35  2:54  Probe (Chrono Boost)  
  35  2:58  Probe (Chrono Boost)  
  36  3:02  Gateway  
  36  3:05  Gateway, Probe (Chrono Boost)  
  37  3:09  Probe (Chrono Boost)  
  39  3:17  Pylon  
  39  3:18  Probe (Chrono Boost)  
  40  3:22  Probe (Chrono Boost)  
  40  3:26  Robotics Facility  
  41  3:28  Probe (Chrono Boost)  
  41  3:32  Adept  
  44  3:34  Probe (Chrono Boost)  
  44  3:38  Probe (Chrono Boost)  
  46  3:44  Probe (Chrono Boost)  
  46  3:45  Pylon  
  47  3:49  Adept  
  47  3:52  Adept  
  47  3:54  Probe (Chrono Boost)  
  52  3:57  Probe (Chrono Boost)  
  52  3:59  Adept  
  55  4:05  Pylon  
  55  4:09  Probe (Chrono Boost), Pylon  
  55  4:10  Probe (Chrono Boost)  
  55  4:11  Warp Prism (Chrono Boost)  
  59  4:28  Twilight Council  
  59  4:37  Gateway  
  59  4:38  Gateway  
  59  4:40  Gateway  
  59  4:45  Adept x3  
  65  4:47  Immortal (Chrono Boost)  
  69  5:03  Pylon  
  69  5:07  Adept x3  
  75  5:15  Immortal  
  79  5:36  Adept x3  
  79  5:37  Shield Upgrade (Chrono Boost)  
  85  5:43  Gateway  
  85  5:45  Gateway  
  85  5:48  Immortal  
  89  5:57  Pylon  
  89  6:02  Pylon  
  89  6:20  Immortal  
  89  6:22  Forge  
  89  6:28  Adept x4  
  101  6:37  Pylon  
  101  6:40  Pylon  
  101  6:44  Pylon  
  101  6:55  Observer  
  101  6:57  Adept x4  
  102  7:11  Photon Cannon  
  102  7:13  Photon Cannon  
  102  7:14  Adept x2, Photon Cannon  
  98  7:19  Adept x4  
  100  7:37  Adept  
  102  7:46  Adept x4  
  102  7:47  Adept x3  
  110  8:00  Adept  
  94  8:07  Adept  
  94  8:08  Adept x3  
  94  8:09  Adept  
  94  8:10  Adept  
Tags
 
Add a new tag
Caveats
  • Supply blocks, unpowered buildings, or Contaminate may cause inaccurate times.
  • Supply counts are checked every 10 seconds.